 Dungeon Crawl Stone Soup version 0.31-a0-177-g4aa6249778 (webtiles) character file.

Game seed: 17941908563264465233

46156 qw the Severer (level 14, -2/92 HPs)
             Began as a Gargoyle Fighter on June 18, 2023.
             Was an Elder of Okawaru.
             Slain by a death yak (5 damage)
             ... on level 5 of the Lair of Beasts.
             The game lasted 00:11:26 (16790 turns).

qw the Severer (Gargoyle Fighter)                  Turns: 16790, Time: 00:11:26

Health: -2/92      AC: 34    Str: 30    XL:     14   Next: 36%
Magic:  21/21      EV: 10    Int: 10    God:    Okawaru [****..]
Gold:   1234       SH: 11    Dex:  9    Spells: 13/13 levels left

rFire   . . .        x - +0 flail
rCold   . . .        c - +0 buckler
rNeg    + + .        o - +0 plate armour
rPois   inf          w - +0 helmet
rElec   +            m - scarf {repulsion}
rCorr   .            l - +2 pair of gloves
SInv    .            q - +0 pair of boots
Will    +....        u - amulet of reflection Stlth
                     e - +6 ring of strength
HPRegen 0.35/turn    r - ring of positive energy
MPRegen 0.17/turn

%: repel missiles, reflection
@: about to teleport, heroic, flying
A: sickness immunity, AC +10, big wings, negative energy resistance 1,
electricity resistance, torment resistance 1, petrification resistance
a: Renounce Religion, Heroism, Finesse


You were on level 5 of the Lair of Beasts.
You worshipped Okawaru.
Okawaru was greatly pleased with you.
You visited 3 branches of the dungeon, and saw 15 of its levels.
You also visited: Sewer.

You collected 1434 gold pieces.
You spent 200 gold pieces at shops.


Innate Abilities, Weirdness & Mutations

You are immune to sickness and miasma.
Your stone body is resilient. (AC +10)
You are immune to poison.
Your large and strong wings let you fly.
You resist negative energy. (rN+)
You are resistant to electric shocks. (rElec)
You are resistant to unholy torment.
You are immune to petrification.


   Skills:
 - Level 12.0(17.0) Fighting
 - Level 15.0(20.0) Axes
 - Level 3.5(8.5) Throwing
 - Level 11.0(16.0) Armour
 - Level 3.1(8.1) Dodging
 + Level 7.6(12.6) Shields
 - Level 10.0 Invocations


You had 13 spell levels left.
You didn't know any spells.
Your spell library was empty.

Inventory:

Hand Weapons
 x - a +0 flail (weapon)
 Y - a +5 war axe of protection
Armour
 c - a +0 buckler (worn)
 f - +0 ice dragon scales
 l - a +2 pair of gloves (worn)
 m - a scarf of repulsion (worn)
 o - a +0 plate armour (worn)
 q - a +0 pair of boots (worn)
 v - a +1 cloak
 w - a +0 helmet (worn)
Jewellery
 e - a +6 ring of strength (left hand)
 r - a ring of positive energy (right hand)
 u - an amulet of reflection (around neck)
Wands
 b - a wand of digging (3)
Scrolls
 h - a scroll of teleportation
 k - 6 scrolls of identify
Potions
 a - a potion of lignification
 d - 3 potions of might
 g - a potion of haste
 i - 4 potions of enlightenment
 p - a potion of attraction
 s - a potion of mutation
 t - 2 potions of curing
 z - a potion of resistance

Dungeon Overview and Level Annotations

Branches:
Dungeon (9/15)             Temple (1/1) D:4            Lair (5/5) D:9
 Shoals (0/4) Lair:2        Snake (0/4) Lair:3        Slime (0/5) Lair:5
  Sewer (visited)
    Orc: D:9-12

Altars:
Ashenzari
Cheibriados
Dithmenos
Elyvilon
Fedhas
Gozag
Hepliaklqana
Kikubaaqudgha
Makhleb
Nemelex Xobeh
Okawaru
Qazlal
Ru
Sif Muna
Trog
Uskayaw
Vehumet
Wu Jian
Xom
Yredelemnul
Zin
The Shining One

Shops:
D:4 ==   D:7 :

Annotations:
D:3 1 runed translucent door, Crazy Yiuf
Lair:1 2 transporters, qw's ghost, journeyman NaHu
Lair:3 3 runed translucent doors, qw's ghost, journeyman GrFi
Lair:5 1 runed translucent door, qw's ghost, journeyman NaHu


Message History

You kill the death yak!
Okawaru accepts your kill.
The six-headed hydra bites you but does no damage. x2
You block the six-headed hydra's attack. x2
The six-headed hydra bites you but does no damage.
You block the six-headed hydra's attack.
You hit the manticore but do no damage. The manticore completely misses you.
The manticore barely misses you. The manticore closely misses you.
The six-headed hydra closely misses you.
The six-headed hydra bites you but does no damage. x2
The six-headed hydra barely misses you.
The six-headed hydra closely misses you.
The six-headed hydra misses you.
You bludgeon the death yak!!
The death yak is moderately wounded.
The death yak gores you! The manticore closely misses you.
The manticore claws you but does no damage.
You block the manticore's attack.
You hit the death yak.
The death yak is moderately wounded.
The six-headed hydra bites you.
The six-headed hydra bites you but does no damage.
You block the six-headed hydra's attack.
The six-headed hydra bites you.
The six-headed hydra barely misses you. x2
You bludgeon the death yak!!
The death yak is heavily wounded.
The manticore bites you! You block the manticore's attack.
The manticore barely misses you. The death yak barely misses you.
The six-headed hydra bites you but does no damage.
The six-headed hydra bites you.
The six-headed hydra bites you but does no damage. x2
The six-headed hydra bites you!
You block the six-headed hydra's attack.
16790 ||| READING 2 scrolls of teleportation.
As you read the scroll of teleportation, it crumbles to dust.
You feel strangely unstable. The manticore bites you. The manticore misses you.
The manticore closely misses you. The death yak gores you.
You die...

####.....#.#....# ##......
###.##.....#####%%####.......
#...##P....#...#...#.........
#...########...#...##........
#..## ## #.......##..##....
#..# ##.P#.###..##...#####.
##..## #...#......##..## ##
##....####...D.#....###.## #
#.....##.....H@...#.# #..## #
##...###.....Y#....## #...##
#...# #..###.#..### ##....# #
#...##. ..##.# #...P.# #
#####...# ... ### #....## #
##.....## #... #.#..# #
.......# ###. ##..## #
.......## .. #### # ......<.#
#


You could see a death yak, a six-headed hydra and a manticore.

Vanquished Creatures
  6 hydras
  3 two-headed ogres
  A boulder beetle (Lair:5)
  2 catoblepae
  A death yak (Lair:5)
  A fire crab (Lair:5)
  3 oklob plants
  7 elephants
  Maurice (D:8)
  6 black mambas
  A torpor snail (D:9)
  Psyche (D:9)
  12 cane toads
  3 komodo dragons
  A rime drake (Lair:1)
  10 polar bears
  Prince Ribbit (D:7)
  Grinder (D:4)
  2 raiju (Lair:5)
  19 dream sheep
  Sigmund (D:3)
  A snapping turtle (Lair:2)
  7 blink frogs
  29 yaks
  A shadow (D:9)
  2 basilisks
  7 wyverns
  A steam dragon (D:5)
  6 nagas (Lair:3)
  6 wargs (Lair:5)
  20 water moccasins
  Duvessa (D:7)
  13 hell hounds (Lair:5)
  3 ice beasts
  5 orc warriors
  2 sky beasts
  13 black bears
  Pargi (D:3)
  30 wolves
  2 ogres
  A phantom (D:7)
  2 centaurs
  11 bullfrogs
  Blork the orc (D:4)
  2 kobold brigands
  A gnoll sergeant (D:9)
  2 water moccasin zombies (D:5)
  4 scorpions
  9 wights
  Dowan (D:7)
  9 killer bees
  3 howler monkeys
  A bullfrog zombie (D:5)
  A centaur zombie (D:5)
  2 hounds
  A human zombie (D:5)
  3 jellies (Lair:5)
  6 orc priests
  2 gnoll boudas
  3 sleepcaps
  3 iguanas
  A scorpion zombie (D:5)
  Natasha (thrice) (D:3)
  12 orc wizards
  6 hell rats (Lair:3)
  4 mummies (D:5)
  15 gnolls
  10 adders
  A shadow imp (D:7)
  14 white imps
  An ufetubus (D:6)
  2 worms
  2 dart slugs (D:1)
  35 orcs
  5 ball pythons
  6 endoplasms
  9 giant cockroaches
  7 goblins
  5 hobgoblins
  12 kobolds
  7 quokkas
  13 bats
  2 frilled lizards
  8 rats
481 creatures vanquished.

Vanquished Creatures (others)
  A gnoll (D:5)
1 creature vanquished.

Grand Total: 482 creatures vanquished

Notes
Turn   | Place    | Note
-------+----------+-------------------------------------------
     0 | D:1      | qw the Gargoyle Fighter began the quest for the Orb.
     0 | D:1      | Reached XP level 1. HP: 14/14 MP: 1/1
     0 | D:1      | 0 ||| qw: Version: 0.3-a-5-g6f28e65
     0 | D:1      | 0 ||| qw: Game counter: 515
     0 | D:1      | 0 ||| qw: Always use a shield: true
     0 | D:1      | 0 ||| qw: God list: Okawaru
     0 | D:1      | 0 ||| qw: Allow faded altars: false
     0 | D:1      | 0 ||| qw: Do Orc after D:15 true
     0 | D:1      | 0 ||| qw: Do second Lair branch before Depths: true
     0 | D:1      | 0 ||| qw: Lair rune preference: random
     0 | D:1      | 0 ||| qw: Plans: Normal, Zot:1-4, Slime:5, God:TSO, Crypt,
                  | Tomb, Abyss, Pan, Hells, Win
     0 | D:1      | 0 ||| PLANNING D:1-11
    23 | D:1      | 23 ||| Stepping ~*~*~tactically~*~*~ (hiding).
    28 | D:1      | Reached skill level 2 in Axes
   159 | D:1      | Reached XP level 2. HP: 19/19 MP: 2/2
   472 | D:1      | Reached skill level 3 in Axes
   480 | D:1      | Reached XP level 3. HP: 22/23 MP: 3/3
   916 | D:1      | 916 ||| UPGRADING to +0 ice dragon scales.
   947 | D:2      | 947 ||| Stepping ~*~*~tactically~*~*~ (stealth).
   948 | D:2      | 948 ||| Stepping ~*~*~tactically~*~*~ (stealth).
   962 | D:2      | Noticed a scorpion
   962 | D:2      | 962 ||| Stepping ~*~*~tactically~*~*~ (stealth).
   980 | D:2      | Killed a scorpion
   981 | D:2      | Reached skill level 4 in Axes
   981 | D:2      | Reached XP level 4. HP: 20/28 MP: 4/4
  1290 | D:2      | Reached XP level 5. HP: 32/32 MP: 5/5
  1319 | D:2      | 1319 ||| Stepping ~*~*~tactically~*~*~ (stealth).
  1320 | D:2      | 1320 ||| Stepping ~*~*~tactically~*~*~ (stealth).
  1598 | D:2      | 1598 ||| Stepping ~*~*~tactically~*~*~ (stealth).
  1737 | D:2      | 1737 ||| READING scroll labelled RAFIK MEFOLAY.
  1757 | D:3      | 1757 ||| STAIRDANCE
  1760 | D:2      | Reached skill level 5 in Axes
  1791 | D:3      | Found a blossoming altar of Fedhas.
  1794 | D:3      | Found a basalt altar of Yredelemnul.
  1883 | D:3      | Noticed Pargi
  1884 | D:3      | Noticed Natasha
  1885 | D:3      | 1885 ||| Stepping ~*~*~tactically~*~*~ (hiding).
  1892 | D:3      | Killed Natasha
  1896 | D:3      | Killed Pargi
  1897 | D:3      | Reached XP level 6. HP: 30/40 MP: 6/6
  1940 | D:3      | Found a faded altar of an unknown god.
  1984 | D:3      | Found a runed translucent door.
  1985 | D:3      | Noticed Crazy Yiuf
  2156 | D:3      | Noticed Natasha
  2166 | D:3      | Killed Natasha
  2481 | D:3      | Noticed Sigmund
  2494 | D:3      | Killed Sigmund
  2495 | D:3      | Reached skill level 6 in Axes
  2495 | D:3      | Reached XP level 7. HP: 42/44 MP: 7/7
  2547 | D:3      | Found a snail-covered altar of Cheibriados.
  2664 | D:3      | Noticed Natasha
  2672 | D:3      | Killed Natasha
  2829 | D:3      | 2829 ||| DROPPING +0 scale mail.
  2908 | D:4      | You fall into a shaft and drop 2 floors!
  2979 | D:6      | 2979 ||| UPGRADING to +0 pair of gloves.
  2984 | D:6      | 2984 ||| UPGRADING to scarf of repulsion.
  2996 | D:6      | Reached skill level 1 in Dodging
  3018 | D:5      | Entered Level 5 of the Dungeon
  3019 | D:5      | 3019 ||| PLANNING SEWER
  3022 | D:5      | 3022 ||| DROPPING +0 whip.
  3134 | D:5      | Reached skill level 7 in Axes
  3186 | D:5      | Noticed a steam dragon
  3188 | D:5      | 3188 ||| Stepping ~*~*~tactically~*~*~ (cloud).
  3197 | D:5      | Killed a steam dragon
  3198 | D:5      | Reached XP level 8. HP: 23/50 MP: 8/8
  3206 | D:5      | HP: 12/50 [gnoll/+0 club (2)]
  3209 | D:5      | Found a shimmering blue altar of Sif Muna.
  3286 | D:5      | 3286 ||| FLEEEEING.
  3287 | D:5      | 3287 ||| FLEEEEING.
  3290 | D:5      | 3290 ||| FLEEEEING.
  3291 | D:5      | 3291 ||| STAIRDANCE
  3490 | D:5      | Found a glowing drain.
  3491 | D:5      | 3491 ||| DROPPING +0 chain mail.
  3492 | D:5      | 3492 ||| UPGRADING to +0 plate armour.
  3502 | D:5      | 3502 ||| UPGRADING to +0 pair of boots.
  3507 | D:5      | 3507 ||| UPGRADING to +6 ring of strength.
  3508 | D:5      | 3508 ||| READING 2 scrolls of identify.
  3508 | D:5      | 3508 ||| IDENTIFYING black potion
  3523 | Sewer    | Entered a sewer
  3617 | D:5      | 3617 ||| PLANNING D:1-11
  3703 | D:4      | Found a staircase to the Ecumenical Temple.
  3704 | D:4      | 3704 ||| PLANNING TEMPLE
  3713 | Temple   | Entered the Ecumenical Temple
  3713 | Temple   | Found a transporter.
  3713 | Temple   | Found a transporter.
  3714 | Temple   | 3714 ||| DROPPING +0 mace.
  3716 | Temple   | Found a transporter.
  3716 | Temple   | Found a transporter.
  3726 | Temple   | 3726 ||| PLANNING D:1-11
  3729 | Temple   | 3729 ||| PLANNING OKAWARU WORSHIP
  3733 | Temple   | Became a worshipper of Warmaster Okawaru
  3734 | Temple   | 3734 ||| PLANNING D:1-11
  3773 | D:4      | Noticed Grinder
  3780 | D:4      | 3780 ||| Stepping ~*~*~tactically~*~*~ (hiding).
  3784 | D:4      | Paralysed by Grinder for 3 turns
  3792 | D:4      | 3792 ||| Stepping ~*~*~tactically~*~*~ (hiding).
  3794 | D:4      | 3794 ||| Stepping ~*~*~tactically~*~*~ (hiding).
  3799 | D:4      | 3799 ||| Stepping ~*~*~tactically~*~*~ (hiding).
  3800 | D:4      | 3800 ||| Stepping ~*~*~tactically~*~*~ (hiding).
  3802 | D:4      | 3802 ||| Stepping ~*~*~tactically~*~*~ (hiding).
  3810 | D:4      | Paralysed by Grinder for 4 turns
  3820 | D:4      | Killed Grinder
  3821 | D:4      | Reached skill level 8 in Axes
  3909 | D:4      | Found Usieh's Jewellery Emporium.
  3916 | D:4      | 3916 ||| SHOPLISTING +6 ring of strength (360 gold, have
                  | 207).
  3916 | D:4      | 3916 ||| SHOPLISTING amulet of the acrobat (300 gold, have
                  | 207).
  3916 | D:4      | 3916 ||| SHOPLISTING ring "Ycvozuepn" {rCorr EV+5 Slay+5}
                  | (696 gold, have 207).
  3916 | D:4      | 3916 ||| SHOPLISTING ring of Ru's Favour {rC+ Str+5} (425
                  | gold, have 207).
  3916 | D:4      | 3916 ||| SHOPLISTING ring of fire (250 gold, have 207).
  3916 | D:4      | 3916 ||| SHOPLISTING ring of ice (250 gold, have 207).
  3916 | D:4      | 3916 ||| BUYING ring of positive energy (200 gold).
  3916 | D:4      | Bought a ring of positive energy for 200 gold pieces
  3916 | D:4      | 3916 ||| SHOPLISTING ring of protection from cold (250
                  | gold, have 7).
  3916 | D:4      | 3916 ||| SHOPLISTING ring of willpower (250 gold, have 7).
  3951 | D:4      | Noticed Blork the orc
  3960 | D:4      | Killed Blork the orc
  4365 | D:4      | Found Xabuwn's One-of-a-Kind Rings.
  4371 | D:4      | 4371 ||| SHOPLISTING +5 ring of protection (715 gold, have
                  | 22).
  4371 | D:4      | 4371 ||| SHOPLISTING +6 ring of slaying (1869 gold, have
                  | 22).
  4371 | D:4      | 4371 ||| SHOPLISTING +8 ring of evasion (1014 gold, have
                  | 22).
  4371 | D:4      | 4371 ||| SHOPLISTING +9 ring of strength (1014 gold, have
                  | 22).
  4371 | D:4      | 4371 ||| SHOPLISTING ring of Minuag {Fly rN+} (378 gold,
                  | have 22).
  4488 | D:4      | 4488 ||| UPGRADING to ring of positive energy.
  4489 | D:4      | 4489 ||| READING scroll labelled DYRINE FUROS.
  4490 | D:4      | 4490 ||| READING scroll labelled AHYMILEZUQ.
  4521 | D:5      | Found a stormy altar of Qazlal.
  4626 | D:5      | Found an ancient bone altar of Kikubaaqudgha.
  4663 | D:5      | Reached skill level 6 in Fighting
  4728 | D:5      | Reached * piety under Okawaru
  4729 | D:5      | Reached XP level 9. HP: 53/55 MP: 9/9
  4759 | D:5      | Reached skill level 1 in Invocations
  4867 | D:5      | Found a white marble altar of Elyvilon.
  4942 | D:5      | 4942 ||| READING scroll labelled HIDOBY UTHRONG.
  4947 | D:5      | 4947 ||| DRINKING 2 metallic red potions.
  4955 | D:5      | 4955 ||| DROPPING potion of ambrosia.
  4998 | D:6      | Reached skill level 9 in Axes
  5154 | D:6      | 5154 ||| INVOKING Heroism.
  5162 | D:6      | Reached skill level 3 in Invocations
  5170 | D:6      | Reached skill level 1 in Throwing
  5250 | D:6      | 5250 ||| Stepping ~*~*~tactically~*~*~ (hiding).
  5251 | D:6      | 5251 ||| Stepping ~*~*~tactically~*~*~ (hiding).
  5252 | D:6      | 5252 ||| Stepping ~*~*~tactically~*~*~ (hiding).
  5256 | D:6      | 5256 ||| INVOKING Heroism.
  5470 | D:6      | 5470 ||| Stepping ~*~*~tactically~*~*~ (stealth).
  5490 | D:6      | 5490 ||| INVOKING Heroism.
  5732 | D:6      | 5732 ||| READING scroll labelled ACSAEZXEMIE.
  5733 | D:6      | 5733 ||| READING scroll labelled MAXEPR OREFRY.
  5734 | D:6      | 5734 ||| READING scroll labelled GYOSHR VAVOSI.
  5735 | D:6      | 5735 ||| READING 2 scrolls of identify.
  5735 | D:6      | 5735 ||| IDENTIFYING orange potion
  5765 | D:7      | 5765 ||| Stepping ~*~*~tactically~*~*~ (stealth).
  5766 | D:7      | 5766 ||| Stepping ~*~*~tactically~*~*~ (stealth).
  5768 | D:7      | 5768 ||| INVOKING Heroism.
  5770 | D:7      | 5770 ||| Stepping ~*~*~tactically~*~*~ (hiding).
  5783 | D:7      | 5783 ||| Stepping ~*~*~tactically~*~*~ (hiding).
  5789 | D:7      | 5789 ||| FLEEEEING.
  5797 | D:7      | 5797 ||| STAIRDANCE
  5804 | D:6      | 5804 ||| INVOKING Heroism.
  5867 | D:7      | 5867 ||| Stepping ~*~*~tactically~*~*~ (stealth).
  5870 | D:7      | 5870 ||| Stepping ~*~*~tactically~*~*~ (stealth).
  5871 | D:7      | 5871 ||| Stepping ~*~*~tactically~*~*~ (stealth).
  5877 | D:7      | Noticed Dowan
  5878 | D:7      | 5878 ||| INVOKING Heroism.
  5890 | D:7      | Killed Dowan
  5929 | D:7      | Reached skill level 6 in Armour
  5929 | D:7      | Noticed Duvessa
  5930 | D:7      | 5930 ||| INVOKING Heroism.
  5936 | D:7      | Killed Duvessa
  5989 | D:7      | Noticed Prince Ribbit
  5990 | D:7      | 5990 ||| INVOKING Heroism.
  6000 | D:7      | Killed Prince Ribbit
  6001 | D:7      | Reached XP level 10. HP: 57/63 MP: 11/13
  6106 | D:7      | Found Tolihepu's Vocational Training.
  6129 | D:7      | 6129 ||| Stepping ~*~*~tactically~*~*~ (stealth).
  6131 | D:7      | 6131 ||| Stepping ~*~*~tactically~*~*~ (hiding).
  6137 | D:7      | 6137 ||| DRINKING potion of curing.
  6137 | D:7      | 6137 ||| (to cure confusion)
  6455 | D:7      | Reached skill level 10 in Axes
  6456 | D:7      | 6456 ||| READING scroll labelled KIBAOTU SYEG.
  6508 | D:8      | Noticed Maurice
  6568 | D:8      | Killed Maurice
  6660 | D:8      | 6660 ||| Stepping ~*~*~tactically~*~*~ (hiding).
  6661 | D:8      | 6661 ||| Stepping ~*~*~tactically~*~*~ (hiding).
  6662 | D:8      | 6662 ||| Stepping ~*~*~tactically~*~*~ (hiding).
  6774 | D:8      | 6774 ||| READING 2 scrolls of brand weapon.
  6774 | D:8      | 6774 ||| BRANDING +1 war axe of freezing.
  6775 | D:8      | 6775 ||| DROPPING +0 morningstar.
  6776 | D:8      | 6776 ||| READING scroll of brand weapon.
  6776 | D:8      | 6776 ||| BRANDING +1 war axe of flaming.
  6842 | D:8      | 6842 ||| Stepping ~*~*~tactically~*~*~ (hiding).
  6991 | D:8      | Reached ** piety under Okawaru
  7063 | D:8      | Noticed a two-headed ogre
  7064 | D:8      | 7064 ||| INVOKING Heroism.
  7071 | D:8      | Killed a two-headed ogre
  7086 | D:8      | 7086 ||| Stepping ~*~*~tactically~*~*~ (hiding).
  7089 | D:8      | 7089 ||| INVOKING Heroism.
  7132 | D:8      | 7132 ||| Stepping ~*~*~tactically~*~*~ (stealth).
  7134 | D:8      | 7134 ||| INVOKING Heroism.
  7256 | D:8      | 7256 ||| DROPPING +0 mace.
  7482 | D:8      | 7482 ||| Stepping ~*~*~tactically~*~*~ (hiding).
  7483 | D:8      | 7483 ||| Stepping ~*~*~tactically~*~*~ (hiding).
  7484 | D:8      | 7484 ||| Stepping ~*~*~tactically~*~*~ (hiding).
  7486 | D:8      | 7486 ||| DRINKING 2 potions of curing.
  7486 | D:8      | 7486 ||| (to cure confusion)
  7522 | D:8      | 7522 ||| Stepping ~*~*~tactically~*~*~ (stealth).
  7543 | D:8      | 7543 ||| UPGRADING to amulet of reflection.
  7548 | D:8      | 7548 ||| READING scroll labelled NUMECVAHEU.
  7549 | D:8      | 7549 ||| READING scroll labelled ITANYXZESK.
  7550 | D:8      | 7550 ||| DRINKING 3 fizzy grey potions.
  7551 | D:8      | 7551 ||| DRINKING 2 metallic dark potions.
  7552 | D:8      | 7552 ||| DROPPING potion of brilliance.
  7579 | D:9      | 7579 ||| INVOKING Heroism.
  7580 | D:9      | 7580 ||| Stepping ~*~*~tactically~*~*~ (stealth).
  7631 | D:9      | 7631 ||| Stepping ~*~*~tactically~*~*~ (stealth).
  7632 | D:9      | 7632 ||| Stepping ~*~*~tactically~*~*~ (stealth).
  7685 | D:9      | 7685 ||| FLEEEEING.
  7686 | D:9      | 7686 ||| FLEEEEING.
  7687 | D:9      | 7687 ||| FLEEEEING.
  7688 | D:9      | 7688 ||| FLEEEEING.
  7698 | D:9      | 7698 ||| INVOKING Heroism.
  7721 | D:9      | 7721 ||| FLEEEEING.
  7722 | D:9      | 7722 ||| STAIRDANCE
  7775 | D:9      | Reached skill level 11 in Axes
  7782 | D:9      | 7782 ||| Stepping ~*~*~tactically~*~*~ (hiding).
  7784 | D:9      | 7784 ||| Stepping ~*~*~tactically~*~*~ (hiding).
  7810 | D:9      | 7810 ||| Stepping ~*~*~tactically~*~*~ (stealth).
  7828 | D:9      | Found a staircase to the Lair.
  7915 | D:9      | Reached *** piety under Okawaru
  7916 | D:9      | Reached skill level 9 in Fighting
  7979 | D:9      | Reached XP level 11. HP: 71/71 MP: 14/14
  7986 | D:9      | 7986 ||| Stepping ~*~*~tactically~*~*~ (stealth).
  7988 | D:9      | 7988 ||| Stepping ~*~*~tactically~*~*~ (hiding).
  7990 | D:9      | 7990 ||| Stepping ~*~*~tactically~*~*~ (hiding).
  7991 | D:9      | 7991 ||| INVOKING Heroism.
  8124 | D:9      | 8124 ||| READING scroll of enchant armour.
  8124 | D:9      | 8124 ||| ENCHANTING +0 pair of gloves.
  8179 | D:9      | Noticed a two-headed ogre
  8180 | D:9      | 8180 ||| INVOKING Heroism.
  8187 | D:9      | Killed a two-headed ogre
  8246 | D:9      | 8246 ||| INVOKING Heroism.
  8391 | D:9      | 8391 ||| READING scroll of enchant weapon.
  8391 | D:9      | 8391 ||| ENCHANTING +1 war axe of protection.
  8561 | D:9      | Noticed Psyche
  8562 | D:9      | 8562 ||| Stepping ~*~*~tactically~*~*~ (stealth).
  8563 | D:9      | 8563 ||| INVOKING Heroism.
  8572 | D:9      | Killed Psyche
  8795 | D:9      | Noticed a two-headed ogre
  8796 | D:9      | 8796 ||| INVOKING Heroism.
  8804 | D:9      | Killed a two-headed ogre
  8920 | D:9      | 8920 ||| PLANNING LAIR
  8920 | D:9      | 8920 ||| READING scroll labelled ENAALY HUFUDUSCH.
  8921 | D:9      | 8921 ||| READING scroll labelled COERGHUU VYDDAI.
  8922 | D:9      | 8922 ||| DRINKING 2 puce potions.
  8923 | D:9      | 8923 ||| DRINKING 2 inky potions.
  8977 | Lair:1   | Entered Level 1 of the Lair of Beasts
  8979 | Lair:1   | 8979 ||| Stepping ~*~*~tactically~*~*~ (stealth).
  8980 | Lair:1   | 8980 ||| INVOKING Heroism.
  8990 | Lair:1   | Reached skill level 12 in Axes
  9027 | Lair:1   | 9027 ||| FLEEEEING.
  9028 | Lair:1   | 9028 ||| FLEEEEING.
  9029 | Lair:1   | 9029 ||| STAIRDANCE
  9105 | Lair:1   | 9105 ||| INVOKING Heroism.
  9137 | Lair:1   | 9137 ||| Stepping ~*~*~tactically~*~*~ (stealth).
  9138 | Lair:1   | Reached **** piety under Okawaru
  9139 | Lair:1   | Reached skill level 6 in Shields
  9140 | Lair:1   | 9140 ||| Stepping ~*~*~tactically~*~*~ (stealth).
  9141 | Lair:1   | 9141 ||| Stepping ~*~*~tactically~*~*~ (stealth).
  9193 | Lair:1   | 9193 ||| FLEEEEING.
  9195 | Lair:1   | 9195 ||| FLEEEEING.
  9197 | Lair:1   | 9197 ||| FLEEEEING.
  9198 | Lair:1   | 9198 ||| FLEEEEING.
  9199 | Lair:1   | 9199 ||| FLEEEEING.
  9202 | Lair:1   | 9202 ||| FLEEEEING.
  9203 | Lair:1   | 9203 ||| FLEEEEING.
  9204 | Lair:1   | 9204 ||| FLEEEEING.
  9205 | Lair:1   | 9205 ||| FLEEEEING.
  9206 | Lair:1   | 9206 ||| FLEEEEING.
  9207 | Lair:1   | 9207 ||| FLEEEEING.
  9208 | Lair:1   | 9208 ||| FLEEEEING.
  9210 | Lair:1   | 9210 ||| FLEEEEING.
  9211 | Lair:1   | 9211 ||| STAIRDANCE
  9215 | Lair:1   | 9215 ||| STAIRDANCE
  9217 | D:9      | 9217 ||| INVOKING Heroism.
  9267 | Lair:1   | 9267 ||| Stepping ~*~*~tactically~*~*~ (hiding).
  9272 | Lair:1   | 9272 ||| INVOKING Heroism.
  9321 | Lair:1   | 9321 ||| Stepping ~*~*~tactically~*~*~ (stealth).
  9341 | Lair:1   | Reached ***** piety under Okawaru
  9342 | Lair:1   | Reached skill level 6 in Invocations
  9366 | Lair:1   | Received a gift from Okawaru
  9389 | Lair:1   | Found a transporter.
  9405 | Lair:1   | Reached XP level 12. HP: 77/77 MP: 16/16
  9438 | Lair:1   | 9438 ||| Stepping ~*~*~tactically~*~*~ (stealth).
  9512 | Lair:1   | 9512 ||| Stepping ~*~*~tactically~*~*~ (stealth).
  9513 | Lair:1   | 9513 ||| INVOKING Heroism.
  9609 | Lair:1   | 9609 ||| Stepping ~*~*~tactically~*~*~ (stealth).
  9610 | Lair:1   | 9610 ||| Stepping ~*~*~tactically~*~*~ (stealth).
  9634 | Lair:1   | Noticed qw's ghost (journeyman NaHu)
  9638 | Lair:1   | Found a transporter.
  9705 | Lair:1   | Found a dark tunnel.
  9887 | Lair:1   | 9887 ||| READING 2 scrolls of identify.
  9887 | Lair:1   | 9887 ||| IDENTIFYING fizzy coppery potion
  9962 | Lair:2   | Noticed a four-headed hydra
  9963 | Lair:2   | 9963 ||| INVOKING Heroism.
  9967 | Lair:2   | 9967 ||| SWAPPING to +0 flail.
  9973 | Lair:2   | Killed a four-headed hydra
  9974 | Lair:2   | 9974 ||| SWAPPING to +2 war axe of protection.
 10053 | Lair:2   | Found a basalt altar of Yredelemnul.
 10061 | Lair:2   | 10061 ||| INVOKING Heroism.
 10111 | Lair:2   | 10111 ||| READING 2 scrolls of enchant weapon.
 10111 | Lair:2   | 10111 ||| ENCHANTING +2 war axe of protection.
 10112 | Lair:2   | 10112 ||| READING scroll of enchant weapon.
 10112 | Lair:2   | 10112 ||| ENCHANTING +3 war axe of protection.
 10134 | Lair:2   | Found a frozen archway.
 10172 | Lair:2   | 10172 ||| FLEEEEING.
 10351 | Lair:2   | Found a staircase to the Shoals.
 10442 | Lair:2   | 10442 ||| INVOKING Heroism.
 10443 | Lair:2   | 10443 ||| INVOKING Finesse.
 10469 | Lair:2   | Reached skill level 3 in Throwing
 10568 | Lair:2   | 10568 ||| INVOKING Heroism.
 10669 | Lair:2   | 10669 ||| INVOKING Heroism.
 11010 | Lair:2   | 11010 ||| READING scroll labelled UHOMIL ZALA.
 11011 | Lair:2   | 11011 ||| READING 2 scrolls of identify.
 11011 | Lair:2   | 11011 ||| IDENTIFYING emerald potion
 11030 | Lair:3   | 11030 ||| Stepping ~*~*~tactically~*~*~ (stealth).
 11140 | Lair:3   | Noticed a catoblepas
 11141 | Lair:3   | 11141 ||| INVOKING Heroism.
 11157 | Lair:3   | Killed a catoblepas
 11158 | Lair:3   | Reached skill level 13 in Axes
 11158 | Lair:3   | Reached skill level 9 in Invocations
 11197 | Lair:3   | 11197 ||| Stepping ~*~*~tactically~*~*~ (hiding).
 11198 | Lair:3   | 11198 ||| Stepping ~*~*~tactically~*~*~ (hiding).
 11199 | Lair:3   | 11199 ||| Stepping ~*~*~tactically~*~*~ (hiding).
 11200 | Lair:3   | 11200 ||| Stepping ~*~*~tactically~*~*~ (hiding).
 11293 | Lair:3   | 11293 ||| Stepping ~*~*~tactically~*~*~ (stealth).
 11294 | Lair:3   | 11294 ||| Stepping ~*~*~tactically~*~*~ (stealth).
 11312 | Lair:3   | Reached skill level 9 in Armour
 11316 | Lair:3   | 11316 ||| INVOKING Heroism.
 11464 | Lair:3   | 11464 ||| INVOKING Heroism.
 11479 | Lair:3   | HP: 19/77 [naga/+0 dire flail (11)]
 11480 | Lair:3   | 11480 ||| READING scroll of teleportation.
 11480 | Lair:3   | HP: 7/77 [naga/+0 dire flail (7)]
 11481 | Lair:3   | 11481 ||| DRINKING potion of heal wounds.
 11644 | Lair:3   | 11644 ||| READING scroll of enchant armour.
 11644 | Lair:3   | 11644 ||| ENCHANTING +1 pair of gloves.
 11660 | Lair:3   | 11660 ||| Stepping ~*~*~tactically~*~*~ (stealth).
 11678 | Lair:3   | Reached XP level 13. HP: 67/82 MP: 20/20
 11759 | Lair:3   | 11759 ||| INVOKING Heroism.
 11760 | Lair:3   | 11760 ||| INVOKING Finesse.
 11764 | Lair:3   | 11764 ||| SWAPPING to +0 flail.
 11777 | Lair:3   | 11777 ||| SWAPPING to +4 war axe of protection.
 11818 | Lair:3   | 11818 ||| INVOKING Heroism.
 11820 | Lair:3   | 11820 ||| INVOKING Finesse.
 11883 | Lair:3   | Found a runed translucent gate.
 11884 | Lair:3   | Found a runed translucent gate.
 11885 | Lair:3   | Found a runed translucent gate.
 11940 | Lair:3   | Noticed qw's ghost (journeyman GrFi)
 11993 | Lair:3   | Found a staircase to the Snake Pit.
 12272 | Lair:3   | 12272 ||| READING 2 scrolls of identify.
 12272 | Lair:3   | 12272 ||| IDENTIFYING ruby potion
 12273 | Lair:3   | 12273 ||| DROPPING potion of degeneration.
 12355 | Lair:4   | 12355 ||| INVOKING Heroism.
 12553 | Lair:4   | Identified the +2 robe of Dice, Bag, and Bottle {Rampage
                  | rN+++ Slay+4 Stlth+}
 12603 | Lair:4   | Identified the +6 dagger of Viomp {antimagic, rC+ Str-2
                  | Dex+3}
 12776 | Lair:4   | Reached skill level 14 in Axes
 12791 | Lair:4   | Received a gift from Okawaru
 13152 | Lair:4   | 13152 ||| UPGRADING to +0 helmet.
 13193 | Lair:5   | Entered Level 5 of the Lair of Beasts
 13194 | Lair:5   | 13194 ||| INVOKING Heroism.
 13195 | Lair:5   | 13195 ||| INVOKING Finesse.
 13201 | Lair:5   | 13201 ||| SWAPPING to +0 flail.
 13214 | Lair:5   | 13214 ||| SWAPPING to +4 war axe of protection.
 13404 | Lair:5   | 13404 ||| Stepping ~*~*~tactically~*~*~ (stealth).
 13406 | Lair:5   | 13406 ||| Stepping ~*~*~tactically~*~*~ (hiding).
 13411 | Lair:5   | 13411 ||| INVOKING Heroism.
 13412 | Lair:5   | 13412 ||| INVOKING Finesse.
 13463 | Lair:5   | 13463 ||| Stepping ~*~*~tactically~*~*~ (stealth).
 13465 | Lair:5   | 13465 ||| Stepping ~*~*~tactically~*~*~ (hiding).
 13470 | Lair:5   | 13470 ||| Stepping ~*~*~tactically~*~*~ (cloud).
 13472 | Lair:5   | 13472 ||| INVOKING Heroism.
 13473 | Lair:5   | 13473 ||| Stepping ~*~*~tactically~*~*~ (cloud).
 13473 | Lair:5   | HP: 20/83 [fire crab (13)]
 13474 | Lair:5   | 13474 ||| READING 2 scrolls of teleportation.
 13475 | Lair:5   | 13475 ||| Stepping ~*~*~tactically~*~*~ (cloud).
 13604 | Lair:5   | 13604 ||| INVOKING Heroism.
 13632 | Lair:5   | 13632 ||| FLEEEEING.
 13641 | Lair:5   | 13641 ||| STAIRDANCE
 13702 | Lair:5   | 13702 ||| Stepping ~*~*~tactically~*~*~ (stealth).
 13707 | Lair:5   | 13707 ||| Stepping ~*~*~tactically~*~*~ (stealth).
 13708 | Lair:5   | 13708 ||| INVOKING Heroism.
 13780 | Lair:5   | 13780 ||| INVOKING Heroism.
 13801 | Lair:5   | 13801 ||| Stepping ~*~*~tactically~*~*~ (stealth).
 13866 | Lair:5   | 13866 ||| INVOKING Heroism.
 13872 | Lair:5   | 13872 ||| SWAPPING to +0 flail.
 13883 | Lair:5   | 13883 ||| SWAPPING to +4 war axe of protection.
 13905 | Lair:5   | 13905 ||| Stepping ~*~*~tactically~*~*~ (stealth).
 13906 | Lair:5   | 13906 ||| Stepping ~*~*~tactically~*~*~ (stealth).
 13928 | Lair:5   | 13928 ||| Stepping ~*~*~tactically~*~*~ (stealth).
 13929 | Lair:5   | 13929 ||| Stepping ~*~*~tactically~*~*~ (stealth).
 13930 | Lair:5   | 13930 ||| Stepping ~*~*~tactically~*~*~ (stealth).
 13932 | Lair:5   | 13932 ||| Stepping ~*~*~tactically~*~*~ (stealth).
 13971 | Lair:5   | Found a staircase to the Slime Pits.
 14010 | Lair:5   | Found a runed translucent door.
 14011 | Lair:5   | Noticed qw's ghost (journeyman NaHu)
 14051 | Lair:5   | 14051 ||| Stepping ~*~*~tactically~*~*~ (stealth).
 14063 | Lair:5   | 14063 ||| Stepping ~*~*~tactically~*~*~ (stealth).
 14116 | Lair:5   | 14116 ||| Stepping ~*~*~tactically~*~*~ (hiding).
 14122 | Lair:5   | 14122 ||| INVOKING Heroism.
 14127 | Lair:5   | 14127 ||| SWAPPING to +0 flail.
 14136 | Lair:5   | 14136 ||| SWAPPING to +4 war axe of protection.
 14142 | Lair:5   | 14142 ||| Stepping ~*~*~tactically~*~*~ (stealth).
 14192 | Lair:5   | 14192 ||| Stepping ~*~*~tactically~*~*~ (stealth).
 14205 | Lair:5   | 14205 ||| INVOKING Heroism.
 14237 | Lair:5   | 14237 ||| SWAPPING to +0 flail.
 14248 | Lair:5   | 14248 ||| SWAPPING to +4 war axe of protection.
 14281 | Lair:5   | 14281 ||| INVOKING Heroism.
 14307 | Lair:5   | 14307 ||| FLEEEEING.
 14417 | Lair:5   | 14417 ||| Stepping ~*~*~tactically~*~*~ (hiding).
 14420 | Lair:5   | 14420 ||| INVOKING Heroism.
 14444 | Lair:5   | Gained mutation: Your large and strong wings let you fly.
                  | [Gargoyle growth]
 14444 | Lair:5   | Reached XP level 14. HP: 90/90 MP: 21/21
 14467 | Lair:5   | 14467 ||| INVOKING Heroism.
 14482 | Lair:5   | 14482 ||| Stepping ~*~*~tactically~*~*~ (stealth).
 14483 | Lair:5   | 14483 ||| Stepping ~*~*~tactically~*~*~ (stealth).
 14510 | Lair:5   | 14510 ||| Stepping ~*~*~tactically~*~*~ (stealth).
 14524 | Lair:5   | 14524 ||| Stepping ~*~*~tactically~*~*~ (stealth).
 14531 | Lair:5   | Reached skill level 15 in Axes
 14541 | Lair:5   | 14541 ||| INVOKING Heroism.
 14565 | Lair:5   | 14565 ||| Stepping ~*~*~tactically~*~*~ (hiding).
 14671 | Lair:5   | 14671 ||| Stepping ~*~*~tactically~*~*~ (stealth).
 14672 | Lair:5   | 14672 ||| Stepping ~*~*~tactically~*~*~ (stealth).
 14701 | Lair:5   | 14701 ||| Stepping ~*~*~tactically~*~*~ (stealth).
 14715 | Lair:5   | 14715 ||| INVOKING Heroism.
 14746 | Lair:5   | 14746 ||| Stepping ~*~*~tactically~*~*~ (stealth).
 14747 | Lair:5   | 14747 ||| Stepping ~*~*~tactically~*~*~ (stealth).
 14763 | Lair:5   | Identified the +1 trident of Inference {speed, Fly}
 14797 | Lair:5   | 14797 ||| Stepping ~*~*~tactically~*~*~ (stealth).
 14817 | Lair:5   | 14817 ||| Stepping ~*~*~tactically~*~*~ (hiding).
 14859 | Lair:5   | 14859 ||| Stepping ~*~*~tactically~*~*~ (hiding).
 14944 | Lair:5   | 14944 ||| Stepping ~*~*~tactically~*~*~ (stealth).
 15090 | Lair:5   | 15090 ||| Stepping ~*~*~tactically~*~*~ (stealth).
 15248 | Lair:5   | 15248 ||| Stepping ~*~*~tactically~*~*~ (cloud).
 15250 | Lair:5   | 15250 ||| INVOKING Heroism.
 15258 | Lair:5   | 15258 ||| Stepping ~*~*~tactically~*~*~ (cloud).
 16561 | Lair:5   | Reached skill level 12 in Fighting
 16592 | Lair:5   | 16592 ||| READING scroll of enchant weapon.
 16592 | Lair:5   | 16592 ||| ENCHANTING +4 war axe of protection.
 16694 | Lair:5   | Reached skill level 3 in Dodging
 16766 | Lair:5   | 16766 ||| INVOKING Heroism.
 16770 | Lair:5   | 16770 ||| SWAPPING to +0 flail.
 16789 | Lair:5   | HP: 18/92 [manticore (7)]
 16789 | Lair:5   | HP: 6/92 [six-headed hydra (10)]
 16790 | Lair:5   | 16790 ||| READING 2 scrolls of teleportation.
 16790 | Lair:5   | Slain by a death yak

Levels and vault maps discovered:
D:1:      dpeg_arrival_another_circle, layout_basic
D:2:      layout_loops_ring, kennysheep_generic_room_4
D:3:      layout_basic, slow_altar_2, mainiacjoe_overflow_catch_the_wave,
          dreamdust_ecumenical_altar_grove, uniq_pargi, uniq_sigmund,
          uniq_natasha, uniq_crazy_yiuf_cottage
D:4:      layout_basic, minmay_temple_entry_glass, serial_shops,
          nicolae_shop_tiny_statue_garden, nicolae_shop_unique_rings,
          eino_small_chamber_without_monster, serial_park_tiny_1, uniq_grinder,
          uniq_blork_the_orc
D:5:      layout_cave_pools, lemuel_mausoleum_altar_kikubaaqudgha,
          grunt_temple_overflow_open, portal_sewer_entry_f,
          minmay_misc_feat_hallway
D:6:      layout_cave_pods
D:7:      layout_rooms, nicolae_shop_vocational, uniq_prince_ribbit1,
          uniq_duvessa
D:8:      kennysheep_six_static_rooms, layout_basic, uniq_maurice
D:9:      kennysheep_blocky_hall, layout_irregular_city,
          minmay_lair_entry_grove, uniq_psyche
Temple:   hellmonk_temple_divided_pantheon
Lair:1:   layout_loops_ring, nicolae_volcano_entry_lava_flow, nzn_ghost_randoct,
          amcnicky_mini_pool_medium
Lair:2:   layout_regular_city, minmay_shoals_entry_hut, basic_altar,
          portal_ice_cave_entry_imps, nicolae_quartered_pool_super
Lair:3:   layout_loops_ring, minmay_snake_entry_guardpost_medium,
          gammafunk_ghost_icy
Lair:4:   layout_regular_city, infiniplex_staircase_pool_2
Lair:5:   hangedman_lair_in_review, layout_concentric_octagons,
          hangedman_lair_caniforms_friends, nicolae_slime_entry_field_trip,
          gammafunk_ghost_grave

Skill      XL: |  1  2  3  4  5  6  7  8  9 10 11 12 13 14 |
---------------+-------------------------------------------+-----
Axes           | 2 3 4 5 6 7 8 9 11 12 13 14 15 | 15.0
Fighting       | 4 5 6 7 9 10 11 12 | 12.0
Dodging        | 1 2 3 |  3.1
Armour         | 5 6 7 8 9 10 11 | 11.0
Invocations    | 4 6 10 | 10.0
Throwing       | 1 3 |  3.5
Shields        | 4 5 6 7 |  7.6

Action                     |  1- 3 |  4- 6 |  7- 9 | 10-12 | 13-15 || total
---------------------------+-------+-------+-------+-------+-------++-------
  Melee: War axe           |    85 |   154 |   353 |   627 |   514 ||  1733
         Flail             |       |       |       |     6 |    67 ||    73
  Throw: Boomerang         |       |       |    57 |   107 |    28 ||   192
         Javelin           |       |       |       |    14 |    10 ||    24
 Invoke: Heroism           |       |       |     8 |    23 |    19 ||    50
         Finesse           |       |       |       |     1 |     4 ||     5
    Use: Scroll            |       |     1 |     8 |    16 |     4 ||    29
         Potion            |       |       |     1 |     7 |       ||     8
   Stab: Petrified         |       |       |       |     3 |       ||     3
 Armour: Scale mail        |    34 |       |       |       |       ||    34
         Ice dragon scales |    13 |   107 |    64 |       |       ||   184
         Plate armour      |       |       |   169 |   358 |   387 ||   914
  Dodge: Dodged            |    35 |    75 |   131 |   162 |   207 ||   610
         Repelled          |       |       |     4 |    10 |     3 ||    17
  Block: Buckler           |    11 |    28 |    46 |   254 |   290 ||   629
         Reflection        |       |       |       |     7 |       ||     7

Table legend:
 A = Non-vault XP
 B = Vault XP
 C = Vault XP percentage of total XP
 D = Non-vault monster count
 E = Vault monster count
 F = Vault count percentage of total count
                 A         B        C        D         E       F
            +---------+---------+-------+---------+---------+-------
      Total |   44198 |   21740 |  33.0 |     330 |     152 |  31.5
            +---------+---------+-------+---------+---------+-------
        D:1 |      44 |       0 |   0.0 |      24 |       0 |   0.0
        D:2 |     170 |       4 |   2.3 |      27 |       2 |   6.9
        D:3 |     135 |     408 |  75.1 |      18 |       4 |  18.2
        D:4 |     137 |     368 |  72.9 |       7 |       2 |  22.2
        D:5 |     554 |     560 |  50.3 |      11 |      16 |  59.3
        D:6 |    1031 |       0 |   0.0 |      32 |       0 |   0.0
        D:7 |     842 |     497 |  37.1 |      22 |       3 |  12.0
        D:8 |    1356 |     832 |  38.0 |      20 |       7 |  25.9
        D:9 |    3434 |    2928 |  46.0 |      35 |      18 |  34.0
     Lair:1 |    6386 |     800 |  11.1 |      29 |       4 |  12.1
     Lair:2 |    4301 |     366 |   7.8 |      14 |      13 |  48.1
     Lair:3 |    7915 |     966 |  10.9 |      29 |       6 |  17.1
     Lair:4 |    6326 |       0 |   0.0 |      31 |       0 |   0.0
     Lair:5 |   11567 |   13849 |  54.5 |      31 |      68 |  68.7
      Sewer |       0 |     162 | 100.0 |       0 |       9 | 100.0
            +---------+---------+-------+---------+---------+-------
